 Dungeon Crawl Stone Soup version 0.17-a0-744-gaa96792 (webtiles) character file.

2894 Raurakos the Nimble (level 9, -4/45 HPs)
             Began as a Vine Stalker Assassin on Apr 20, 2015.
             Was a Priest of Dithmenos.
             Hit by a tomahawk thrown by an orc warrior (5 damage)
             ... on level 8 of the Dungeon on Apr 21, 2015.
             The game lasted 00:32:11 (6486 turns).

Raurakos the Nimble (Vine Stalker Assassin)         Turns: 6486, Time: 00:32:11

Health: -4/45      AC:  8    Str: 15    XL:     9   Next: 77%
Magic:  0/10       EV: 18    Int: 11    God:    Dithmenos [***...]
Gold:   327        SH:  0    Dex: 22    Spells: 1 memorised, 7 levels left

rFire  . . .     SeeInvis .     a - +4 dagger (freeze)
rCold  + . .     Clarity  .     u - +0 ring mail {rC+}
rNeg   . . .     SustAb   .     (no shield)
rPois  .         Gourm    .     (no helmet)
rElec  .         Spirit   +     d - +0 cloak
rCorr  .         Warding  .     A - +0 pair of gloves
rMut   .         Stasis   .     (no boots)
MR     +....                    s - amulet of rage
Stlth  +++++.....               (no ring)
                                J - +4 ring of dexterity

@: wreathed by umbra, somewhat resistant to hostile enchantments, quite stealthy
A: fangs 2, regeneration 1, shaggy fur 1, magic shield, antimagic bite, no
device heal 3, rot immunity
a: Shadow Step, Renounce Religion, Evoke Berserk Rage


You were on level 8 of the Dungeon.
You worshipped Dithmenos.
Dithmenos was most pleased with you.
You were not hungry.

You visited 2 branches of the dungeon, and saw 9 of its levels.

You collected 487 gold pieces.
You spent 160 gold pieces at shops.

Inventory:

Hand weapons
 a - a +4 dagger of freezing (weapon)
 b - a +0 blowgun
Missiles
 e - 19 poisoned needles
 f - 2 curare-tipped needles
 G - a stone (quivered)
Armour
 d - a +0 cloak (worn)
 n - a +0 shield
 u - a +0 ring mail of cold resistance (worn)
 A - a +0 pair of gloves (worn)
 B - the +2 robe "Cufeu" {rC+ rN+, unknown}
   (You found it on level 5 of the Dungeon)

   It protects you from cold.
   It protects you from negative energy.
Jewellery
 s - an amulet of rage (around neck)
 J - a +4 ring of dexterity (left hand)
Magical devices
 H - a wand of paralysis (12)
Scrolls
 c - a scroll of random uselessness {unknown}
 k - 3 scrolls of magic mapping
 m - 3 scrolls of blinking
 o - 4 scrolls of remove curse
 p - a scroll of enchant weapon {unknown}
 x - 2 scrolls of recharging {unknown}
 y - a scroll of fog {unknown}
 C - a scroll of fear {unknown}
 D - 4 scrolls of teleportation {unknown}
 E - a scroll of vulnerability {unknown}
 I - a scroll of immolation {unknown}
Potions
 i - a potion of brilliance
 j - 4 potions of curing
 l - a potion of poison {unknown}
 q - a potion of might
 r - a potion of haste
 w - 2 potions of restore abilities
 F - a potion of resistance {unknown}
Books
 t - a book of Party Tricks

   Spells                             Type                      Level
   a - Summon Butterflies             Summoning                    1
   b - Apportation                    Translocation                1
   c - Tukima's Dance                 Hexes                        3
   d - Alistair's Intoxication        Transmutation/Poison         4
   e - Invisibility                   Hexes                        6
Comestibles
 g - 7 bread rations
 h - a meat ration
 v - 11 fruits
 z - a beef jerky
 K - a chunk of flesh


   Skills:
 - Level 4.0 Fighting
 - Level 5.0 Short Blades
 - Level 1.7 Throwing
 + Level 1.2 Armour
 + Level 8.5 Dodging
 - Level 8.0 Stealth


You had 7 spell levels left.
You knew the following spells:

 Your Spells              Type           Power        Failure   Level  Hunger
a - Apportation           Tloc           #.........   71%         1    ##.....


Dungeon Overview and Level Annotations

Branches:
Dungeon (8/15)             Temple (1/1) D:4
   Lair: D:8-11

Altars:
Ashenzari
Cheibriados
Dithmenos
Elyvilon
Fedhas
Gozag
Kikubaaqudgha
Makhleb
Nemelex Xobeh
Okawaru
Qazlal
Ru
Sif Muna
Trog
Vehumet
Xom
Yredelemnul
Zin
The Shining One

Shops:
D:4 (?*:   D:5 *

Annotations:
D:6 Pikel


Innate Abilities, Weirdness & Mutations

You have extremely sharp teeth.
Your natural rate of healing is unusually fast.
You are covered in fur (AC +1).
When hurt, damage is shared between your health and your magic reserves.
Your bite disrupts and absorbs the magic of your enemies.
Potions and wands cannot restore your health.
You are immune to rotting.


Message History

The orc warrior is almost dead.
The orc warrior misses you.
You hit the orc warrior but do no damage.
You bite the orc warrior, but do no damage.
The orc warrior is almost dead.
You hit the orc warrior. You freeze the orc warrior.
Your bite misses the orc warrior.
The orc warrior is almost dead.
The orc warrior hits you with a hand axe!
* * * LOW HITPOINT WARNING * * *
You hit the orc warrior but do no damage.
You bite the orc warrior, but do no damage.
The orc warrior is almost dead.
The orc warrior hits you with a hand axe!
* * * LOW HITPOINT WARNING * * *
The orc warrior throws a tomahawk.
The tomahawk hits you!
* * * LOW HITPOINT WARNING * * *
You see here a tomahawk.
The orc warrior throws a tomahawk.
The tomahawk hits you.
You die...

#.....# #.##.#
#.###.#######.##.#
#.# #........[...#
#.# ########.#####
#.# #)# #.# #)#
#.# #.# #.#
#.##### #@#
#(..... #(#
####### #.# # #.#
# #o##### #


#oo.oo# #####.# .# o# You could see an orc warrior and 2 orcs.

Vanquished Creatures
  Grinder (D:3)
  The ghost of Raurakos the Sneak, an average VSAs (D:5)
  A hungry ghost (D:8)
  2 hippogriffs
  2 slaves (D:6)
  3 ice beasts
  2 orc warriors
  2 sky beasts
  3 ogres
  2 giant frogs
  A wyvern skeleton (D:8)
  2 scorpions
  2 giant frog zombies
  6 orc priests
  2 jellies
  2 centaur zombies
  3 giant frog skeletons
  2 iguanas
  A centaur skeleton (D:6)
  2 worker ants
  4 orc wizards
  A worker ant zombie (D:6)
  8 adders
  2 shadow imps
  An ooze (D:3)
  An adder zombie (D:5)
  An adder skeleton (D:8)
  2 worms
  5 giant geckos
  23 orcs
  A bat skeleton (D:4)
  4 giant cockroaches
  2 gnoll zombies (D:6)
  14 goblins
  12 hobgoblins
  8 bats
  7 giant newts
  A giant spore (D:7)
  12 kobolds
  2 quokkas (D:2)
  A quokka zombie (D:5)
  16 rats
  A ballistomycete (D:7)
171 creatures vanquished.

Vanquished Creatures (others)
  A giant spore (D:7)
1 creature vanquished.

Grand Total: 172 creatures vanquished

Notes
Turn   | Place    | Note
--------------------------------------------------------------
     0 | D:1      | Raurakos, the Vine Stalker Assassin, began the quest for the Orb.
     0 | D:1      | Reached XP level 1. HP: 11/11 MP: 2/2
   198 | D:1      | Reached XP level 2. HP: 15/15 MP: 3/3
   694 | D:2      | Reached XP level 3. HP: 3/18 MP: 2/4
  1048 | D:2      | Reached XP level 4. HP: 23/23 MP: 5/5
  1301 | D:3      | Noticed Grinder
  1524 | D:3      | Learned a level 1 spell: Apportation
  1723 | D:3      | Reached XP level 5. HP: 21/26 MP: 4/6
  2011 | D:4      | Found Obae's Weapon Emporium.
  2106 | D:4      | Found Pumutyjo's Magic Scroll Boutique.
  2121 | D:4      | Bought a scroll of magic mapping for 38 gold pieces
  2121 | D:4      | Bought a scroll of identify for 22 gold pieces
  2121 | D:4      | Bought a scroll of remove curse for 33 gold pieces
  2121 | D:4      | Bought a scroll of identify for 22 gold pieces
  2147 | D:4      | Reached skill level 5 in Short Blades
  2196 | D:4      | Found a staircase to the Ecumenical Temple.
  2202 | Temple   | Entered the Ecumenical Temple
  2213 | Temple   | Became a worshipper of Dithmenos the Shadowed
  2288 | D:4      | Found Biocifu's Assorted Antiques.
  2414 | D:4      | Reached skill level 5 in Stealth
  2414 | D:4      | Gained mutation: You heal very quickly. [Vine Stalker growth]
  2414 | D:4      | Reached XP level 6. HP: 32/32 MP: 7/7
  2500 | D:4      | Found Paripp's Book Emporium.
  2630 | D:4      | Found an opulent altar of Gozag.
  2630 | D:4      | Found a glowing silver altar of Zin.
  2748 | D:5      | Entered Level 5 of the Dungeon
  2843 | D:5      | Found a blossoming altar of Fedhas.
  2871 | D:5      | Found Vuat's General Store.
  2877 | D:5      | Bought a +0 pair of gloves for 45 gold pieces
  2985 | D:5      | Found a sparkling altar of Nemelex Xobeh.
  3132 | D:5      | Reached skill level 6 in Stealth
  3132 | D:5      | Reached XP level 7. HP: 17/37 MP: 5/8
  3153 | D:5      | Got a dull robe
  3181 | D:5      | Noticed Raurakos's ghost (average VSAs)
  3390 | D:5      | Killed Raurakos's ghost
  3390 | D:5      | Reached skill level 7 in Stealth
  3431 | D:5      | Found a burning altar of Makhleb.
  3435 | D:5      | Reached skill level 1 in Dodging
  3435 | D:5      | Reached skill level 8 in Stealth
  3714 | D:6      | Gained mutation: You have razor-sharp teeth. [Vine Stalker growth]
  3714 | D:6      | Reached XP level 8. HP: 40/42 MP: 9/9
  3790 | D:6      | Noticed Pikel
  3964 | D:6      | Found an iron altar of Okawaru.
  4007 | D:6      | Upgraded the game from 0.17-a0-725-gfa8c127 to 0.17-a0-744-gaa96792
  4479 | D:6      | Acquired Dithmenos's first power
  4535 | D:6      | Reached skill level 5 in Dodging
  4780 | D:6      | Found a basalt altar of Yredelemnul.
  5127 | D:3      | Killed Grinder
  5127 | D:3      | Reached XP level 9. HP: 45/45 MP: 10/10
  6187 | D:8      | Acquired Dithmenos's second power
  6435 | D:8      | Reached skill level 1 in Armour
  6485 | D:8      | HP: 1/45 [orc warrior/tomahawk (6)]
  6486 | D:8      | Hit by a tomahawk thrown by an orc warrior

Action                   |  1- 3 |  4- 6 |  7- 9 || total
-------------------------+-------+-------+-------++-------
Melee: Dagger            |    65 |   180 |   411 ||   656
 Fire: Blowgun           |     6 |    30 |       ||    36
Throw: Stone             |       |       |     4 ||     4
  Use: Potion            |     3 |       |       ||     3
       Scroll            |       |     4 |     2 ||     6
 Stab: Sleeping          |     6 |     8 |    15 ||    29
       Distracted        |       |     1 |     3 ||     4
  Eat: Chunk             |       |     7 |    12 ||    19
